Cogmind - Beta 17.1 @@@ ROGUE MODE // 2026.09.21 @ 20:13:32 Player: Caluan Result: Self-destructed Performance ------------- Evolutions (2) 1000 Regions Visited (4) 800 Robots Destroyed (36) 180 Value Destroyed (1083) 1083 Prototype IDs (2) 40 Alien Tech Used (0) 0 Bonus (0) 0 TOTAL SCORE: 3103 Bonus ------- None Cogmind --------- Core Integrity 423/550 Matter 300/300 Energy 150/150 System Corruption 0% Temperature Cool (0) Movement Hovering (240) Ox3 Location -8/Materials Parts ------- > --- POWER (1) -------- Light Angular Momentum Engine > --- PROPULSION (4) --- Airjet > --- UTILITY (4) ------ Medium Storage Unit Target Analyzer Actuator Array Reaction Control System > --- WEAPON (2) ------- Heavy Hammer Heavy Flail > --- INVENTORY (10) --- Large Storage Unit Weight Redist. System Missile Launcher Datajack Peak State ------------ > --- POWER ------------ Ion Engine > --- PROPULSION ------- Airjet Airjet Airjet > --- UTILITY ---------- Medium Storage Unit Advanced Targeting Computer Target Analyzer Reaction Control System > --- WEAPON ----------- Heavy Hammer Heavy Flail > --- INVENTORY -------- Large Storage Unit Weight Redist. System Actuator Array Missile Launcher Datajack [Rating: 26] Favorites ----------- Power Ion Engine Engine Ion Engine Power Core Light Nuclear Core Propulsion Airjet Treads Light Treads Leg Aluminum Leg Hover Unit Airjet Flight Unit VTOL Module Utility Small Storage Unit Device Reaction Control System Storage Small Storage Unit Processor Advanced Targeting Computer Protection Propulsion Shielding Weapon EM Pulse Gun Energy Gun EM Pulse Gun Energy Cannon Beam Cannon Ballistic Gun Heavy Assault Rifle Impact Weapon Heavy Flail Slashing Weapon Mining Claw Build | -11 -10 -10 -9 -8 ------- Run | Yrd Mat Min Mat Mat Slots Evolved 4 | . . . 2 2 Power . | . . . . . Propulsion 2 | . . . 1 1 Utility 2 | . . . 1 1 Weapon . | . . . . . Parts Attached 44 | 6 9 5 17 7 Power 6 | 1 2 . 2 1 Engine 5 | 1 1 . 2 1 Core 1 | . 1 . . . Reactor . | . . . . . Propulsion 18 | 2 5 3 7 1 Treads 4 | 2 . 1 1 . Leg 2 | . . 2 . . Wheel . | . . . . . Hover 9 | . 3 . 5 1 Flight 3 | . 2 . 1 . Utility 9 | 1 . 1 4 3 Device 3 | . . . 1 2 Storage 2 | 1 . . 1 . Processor 3 | . . . 2 1 Hackware . | . . . . . Protection 1 | . . 1 . . Artifact . | . . . . . Weapon 11 | 2 2 1 4 2 Energy Gun 6 | 2 . 1 3 . Energy Cannon 1 | . 1 . . . Ballistic Gun 1 | . . . 1 . Ballistic Cannon . | . . . . . Launcher . | . . . . . Special Weapon . | . . . . . Impact Weapon 2 | . . . . 2 Slashing Weapon 1 | . 1 . . . Piercing Weapon . | . . . . . Special Melee Weapon . | . . . . . Unidentified Prototypes . | . . . . . Corrupted Parts 1 | . 1 . . . System Corruption 2 | . 2 . . . Parts Lost 14 | . 1 3 8 2 Power 1 | . . . 1 . Propulsion 7 | . . 2 3 2 Utility 1 | . . . 1 . Weapon 5 | . 1 1 3 . Highest Loss Streak 4 | . 1 2 4 1 To Critical Strikes . | . . . . . Average Backups 4 | 1 5 7 4 4 Power . | . 1 1 . . Propulsion . | . 1 1 . . Utility 1 | . . 1 1 2 Weapon 1 | . 2 1 1 1 Tool/Special . | . . . . . Unused Backups 9 | . 4 . 1 4 Power 1 | . 1 . . . Propulsion 3 | . 3 . . . Utility 2 | . . . 1 1 Weapon 2 | . . . . 2 Tool/Special 1 | . . . . 1 Average Slot Usage (%) 80 | . 82 61 88 74 Engine 9 | . 13 2 7 9 Treads 11 | . 25 8 . . Leg 1 | . . 2 3 . Hover 12 | . 2 . 24 19 Flight 1 | . . 8 2 . Device 4 | . . . 4 13 Storage 12 | . 14 14 11 9 Processor 6 | . . . 13 11 Protection 1 | . . 12 1 . Energy Gun 15 | . 22 2 19 . Impact Weapon 2 | . . . . 11 Slashing Weapon 1 | . . 11 . . Peak Build Rating 26 | 6 8 6 23 26 Average Rating 11 | 3 5 4 17 22 On Entrance 5 | . 6 4 5 13 Avg Prop Armor Cover (%) 3 | . . . 3 . Naked Turns . | . . . . . Heaviest Build 31 | 14 15 8 21 31 Greatest Support 40 | 40 40 20 28 30 Greatest Overweight (x) 4 | 1 . 2 4 3 Average Overweight (x) . | . . . . . Largest Inventory Capacity 10 | 8 8 8 10 10 Average Capacity 8 | 6 8 8 9 10 Most Carried 8 | 4 8 8 8 5 Average Carried 4 | 1 5 7 4 4 Final Capacity 10 | 8 8 8 10 10 Final Carried 7 | 2 6 7 3 4 Class Distribution -------------------- 89% | Mutant 8% | Gladiator Dominant Class ---------------- Mutant | -10/Materials Mutant | -10/Mines Mutant | -9/Materials Gladiator | -8/Materials Resources | -11 -10 -10 -9 -8 ----------- Run | Yrd Mat Min Mat Mat Matter Collected 762 | 235 189 74 202 62 Remotely . | . . . . . Salvage Created 1514 | . 513 236 574 191 Parts 77 | . 25 11 38 3 Haulers Intercepted 2 | . . . 2 . Recyclers Shooed 1 | . 1 . . . Parts Field Recycled . | . . . . . Retrieved Matter . | . . . . . Parts Self-Destructed . | . . . . . Prevented . | . . . . . Parts Restored . | . . . . . Kills | -11 -10 -10 -9 -8 ------- Run | Yrd Mat Min Mat Mat Combat Hostiles Destroyed 28 | . 9 5 10 4 Melee 6 | . . 4 . 2 Guns 15 | . 8 1 6 . AOE 4 | . 1 . 3 . Classes Destroyed 9 | . 6 1 2 . Worker 1 | . 1 . . . Builder 1 | . 1 . . . Hauler 2 | . . . 2 . Recycler 2 | . 2 . . . Operator 2 | . 1 . 1 . Swarmer 3 | . 3 . . . Grunt 19 | . 6 3 7 3 Duelist 1 | . . . 1 . Sentry 5 | . . 2 2 1 Best Kill Streak 8 | . 8 2 8 3 Combat Bots Only 8 | . 5 2 8 3 Max Kills in Single Turn 3 | . 2 1 3 1 Gunslinging . | . . . . . Exploded 3 | . 1 . 3 . Melee 1 | . . 1 . 1 Uniques/NPCs Destroyed . | . . . . . Combat | -11 -10 -10 -9 -8 -------- Run | Yrd Mat Min Mat Mat Hostile Shots Fired 156 | . 35 47 36 38 Missed 45 | . 9 15 9 12 Hits 111 | . 26 32 27 26 Melee 5 | . . . 5 . Projectile 106 | . 26 32 22 26 Critical Strikes 6 | . 2 1 2 1 Actively Blocked 1 | . . 1 . . Damage Taken 1552 | . 350 394 476 332 Core 373 | . 53 142 51 127 Absorbed by Shields . | . . . . . Redirected to Shielding 47 | . . 43 4 . Core Remaining (%) 69 | 100 . 22 87 . Volleys Fired 57 | . 27 6 24 . Largest 2 | . 2 1 2 . Hottest 100 | . 80 40 100 . Shots Fired 98 | . 50 6 42 . Gun 98 | . 50 6 42 . Cannon . | . . . . . Launcher . | . . . . . Special . | . . . . . Kinetic 1 | . . . 1 . Thermal 24 | . . 6 18 . Explosive . | . . . . . Electromagnetic 73 | . 50 . 23 . Robot Hit Streak 20 | . 4 6 20 . Robot Miss Streak 3 | . 3 . 2 . Penetration Max . | . . . . . Secondary Targets 5 | . 4 . 1 . Max Gunslinging Chain 1 | . 1 . 1 . Shots Hit Robots 89 | . 28 18 36 7 Core Hits 48 | . 19 6 21 2 Critical Kills 1 | . . . . 1 Critical Parts Destroyed 1 | . . . . 1 Critical Strikes 5 | . 1 . 2 2 Corrupt 3 | . 1 . 2 . Smash 2 | . . . . 2 Melee Attacks 28 | . . 16 . 12 Impact 12 | . . . . 12 Slashing 16 | . . 16 . . Piercing . | . . . . . Sneak Attacks 2 | . . 2 . . Combat Hostiles . | . . . . . Follow-up Attacks 4 | . . . . 4 Damage Inflicted 2023 | 2 624 423 668 306 Guns 1001 | . 383 74 544 . Cannons . | . . . . . Explosions 333 | . 209 . 124 . Melee 651 | . . 347 . 304 Ramming 38 | 2 32 2 . 2 Kinetic 18 | . . . 18 . Thermal 546 | . 209 74 263 . Explosive . | . . . . . Electromagnetic 770 | . 383 . 387 . Impact 304 | . . . . 304 Slashing 347 | . . 347 . . Piercing . | . . . . . Highest Corruption 2 | . 2 2 . . Average Corruption 2 | . 2 2 . . Corruption Purged . | . . . . . Corruption Blocked . | . . . . . Effects 6 | . 2 4 . . Message Errors 1 | . 1 . . . Matter Fused 1 | . . 1 . . Heat Flow Errors 1 | . . 1 . . Parts Rejected 2 | . 1 1 . . Alerts 1 | . . 1 . . Overload Shots . | . . . . . Overflow Damage 102 | . 14 10 5 73 Projectiles . | . . . . . Explosions 19 | . 14 . 5 . Melee 83 | . . 10 . 73 Knockbacks 2 | . 1 . . 1 Impact 2 | . 1 . . 1 Kinetic . | . . . . . Secondary . | . . . . . Self-Inflicted Damage 68 | . 37 . 30 1 Shots 2 | . 1 . 1 . Rammed 9 | 1 7 . . 1 Targets Rammed 11 | 1 8 1 . 1 Kicked 1 | . . 1 . . Crushed 1 | . 1 . . . Highest Temperature 254 | . 168 225 254 6 Average Temperature 78 | . 68 84 90 6 Received Heat Transfer 585 | . 132 171 147 135 Siege Activations . | . . . . . Martial Activations . | . . . . . Shielding Activations . | . . . . . Robots Disrupted . | . . . . . Combat Hostiles . | . . . . . Robots Corrupted 3 | . . . 1 2 Combat Hostiles 3 | . . . 1 2 Parts Fried 5 | . . . 3 2 Impact Corruptions 3 | . . . . 3 Robots Melted . | . . . . . Combat Hostiles . | . . . . . Parts Melted 1 | . . 1 . . Heat Transferred 950 | . 300 150 500 . Parts Sabotaged . | . . . . . Parts Stolen . | . . . . . Parts Stripped . | . . . . . Power Chain Reactions 4 | . 3 . 1 . Alert | -11 -10 -10 -9 -8 ------- Run | Yrd Mat Min Mat Mat Maximum Alert Level 1 | . . . 1 . Low Security (%) 98 | 100 100 100 96 100 Level 1 1 | . . . 3 . Level 2 . | . . . . . Level 3 . | . . . . . Level 4 . | . . . . . Level 5 . | . . . . . High Security . | . . . . . Max Security . | . . . . . Peak Influence 210 | . 154 40 210 50 Initial 26 | . . 25 7 26 Average 43 | . 44 14 79 15 Influence Increases 949 | . 271 100 432 146 Destroy 0b10 Robot/C 560 | . 180 100 200 80 Destroy 0b10 Robot/NC 40 | . 25 . 15 . Destroy Leader 114 | . 40 . 54 20 Successful Hack 25 | . 14 . 10 1 Destroy Structure 15 | . 12 . 3 . Partial Spotted 45 | . . . 30 15 Lose Combat Pursuer 150 | . . . 120 30 Influence Decreases 949 | . 206 145 388 210 Entered New Map 91 | . . 40 13 38 Time Decay 733 | . 196 80 305 152 Lost Part 115 | . 10 25 60 20 Lost Ally 10 | . . . 10 . Squads Dispatched 4 | . 1 . 3 . Investigation . | . . . . . Extermination . | . . . . . Reinforcement 4 | . 1 . 3 . Assault . | . . . . . Garrison . | . . . . . Intercept . | . . . . . Searches Triggered . | . . . . . Construction Impeded . | . . . . . Haulers Reinforced . | . . . . . Active Scanning Responses . | . . . . . Cargo Convoy Interrupts . | . . . . . Stealth | -11 -10 -10 -9 -8 --------- Run | Yrd Mat Min Mat Mat Distress Signals 8 | . 4 . 3 1 Communications Jammed . | . . . . . Distress Signals . | . . . . . Times Spotted 58 | . 21 5 24 8 Peak Tracking Total 9 | . 6 3 9 3 Tactical Retreats 6 | . 1 . 4 1 Traps | -11 -10 -10 -9 -8 ------- Run | Yrd Mat Min Mat Mat Traps Triggered 5 | . 4 . 1 . Indirectly . | . . . . . Trap Hack Attempts . | . . . . . Triggered . | . . . . . Disarmed . | . . . . . Reprogrammed . | . . . . . Reused . | . . . . . Traps Extracted . | . . . . . Installed . | . . . . . Triggered . | . . . . . Machines | -11 -10 -10 -9 -8 ---------- Run | Yrd Mat Min Mat Mat Machines Disabled 1 | . 1 . . . Max in Single Turn 1 | . 1 . . . Machines Repaired . | . . . . . Machines Dismantled . | . . . . . Machines Sabotaged . | . . . . . Overloaded Fab Kills . | . . . . . Hacking | -11 -10 -10 -9 -8 --------- Run | Yrd Mat Min Mat Mat Machines Accessed 11 | . 3 . 6 2 Terminals 10 | . 3 . 6 1 Fabricators . | . . . . . Repair Stations . | . . . . . Recycling Units . | . . . . . Scanalyzers 1 | . . . . 1 Garrison Access . | . . . . . Total Hacks 24 | . 6 . 14 4 Successful 16 | . 5 . 8 3 Failed 7 | . 1 . 6 . Catastrophic . | . . . . . Database Lockouts 1 | . . . . 1 Manual 17 | . 6 . 10 1 Terminals 22 | . 6 . 14 2 Fabricators . | . . . . . Repair Stations . | . . . . . Recycling Units . | . . . . . Scanalyzers 2 | . . . . 2 Garrison Access . | . . . . . Terminal Hacks 5 | . 2 . 2 1 Robot Analysis 2 | . 2 . . . Prototype ID Bank 1 | . . . . 1 Investigation Status 1 | . . . 1 . Recall Reinforcements 1 | . . . 1 . Fabricator Hacks . | . . . . . Repair Station Hacks . | . . . . . Recycling Unit Hacks . | . . . . . Scanalyzer 1 | . . . . 1 Retrieve Study 1 | . . . . 1 Garrison Access Hacks . | . . . . . Unauthorized Hacks 10 | . 3 . 6 1 Terminals 10 | . 3 . 6 1 Assimilate 1 | . . . 1 . Botnet 9 | . 3 . 5 1 Fabricators . | . . . . . Repair Stations . | . . . . . Recycling Units . | . . . . . Scanalyzers . | . . . . . Garrison Access . | . . . . . Data Cores Recovered . | . . . . . Used . | . . . . . Hacking Detections 7 | . 1 . 5 1 Full Trace Events . | . . . . . Feedback Events . | . . . . . Feedback Blocked . | . . . . . Robot Schematics Acquired . | . . . . . Robots Built . | . . . . . Authchips . | . . . . . Time . | . . . . . Total Robot Build Rating . | . . . . . Part Schematics Acquired . | . . . . . Parts Built . | . . . . . Authchips . | . . . . . Time . | . . . . . Total Part Build Rating . | . . . . . Part Studies Acquired 1 | . . . . 1 Parts Repaired . | . . . . . Time . | . . . . . Parts Recycled . | . . . . . Recycled Matter . | . . . . . Retrieved Matter . | . . . . . Retrieved Components . | . . . . . Parts Scanalyzed . | . . . . . Part Schematics Acquired . | . . . . . Parts Damaged . | . . . . . Bothacking | -11 -10 -10 -9 -8 ------------ Run | Yrd Mat Min Mat Mat Used RIF Installer . | . . . . . Robots Hacked . | . . . . . Non-combat . | . . . . . Combat . | . . . . . Robot Hacks Applied . | . . . . . Relay Couplers Released . | . . . . . Fabnet Peak Effective % . | . . . . . Robots Rewired . | . . . . . Allies Hacked . | . . . . . Hacks Repelled . | . . . . . Allies | -11 -10 -10 -9 -8 -------- Run | Yrd Mat Min Mat Mat Total Allies 1 | . . . 1 . Largest Group 1 | . . . 1 . Highest-Rated Group 10 | . . . 10 . Highest-Rated Ally 10 | . . . 10 . Total Orders . | . . . . . Ally Attacks . | . . . . . Total Damage . | . . . . . Kills . | . . . . . Allies Corrupted . | . . . . . Allies Melted . | . . . . . Intel | -11 -10 -10 -9 -8 ------- Run | Yrd Mat Min Mat Mat Active Infowar (turns) . | . . . . . Robot Analysis Total 2 | . 2 . . . Derelict Logs Recovered 1 | . . 1 . . Drone Launches . | . . . . . Drone Recoveries . | . . . . . Exploration | -11 -10 -10 -9 -8 ------------- Run | Yrd Mat Min Mat Mat Turns Passed 2762 | 219 1040 205 803 495 Spaces Moved 2325 | 140 651 147 948 439 Core 28 | 24 . 2 2 . Treads 670 | 116 511 43 . . Legs 78 | . . 12 66 . Wheels . | . . . . . Hover 1453 | . 134 . 880 439 Flight 96 | . 6 90 . . Fastest Speed 37 | 50 37 37 52 52 Average Speed 92 | 145 137 81 58 88 Slowest Speed 250 | 160 160 160 250 240 Overloaded Moves . | . . . . . Propulsion Burnouts . | . . . . . Robots Hopped 1 | . 1 . . . Potential Cave-ins . | . . . . . Cave-ins Triggered . | . . . . . Exploration Rate (%) 49 | 6 93 41 76 29 Regions Visited 4 Branch Regions 1 Pre-discovered Areas 1 | . . 1 . . Known Exits Taken . | . . . . . Unknown Exits Taken 4 | 1 1 1 1 . Scrap Searched 3 | . . 3 . . Spaces Dug . | . . . . . Terrain Destroyed 13 | . 11 . 2 . Melee . | . . . . . Projectile . | . . . . . AOE 13 | . 11 . 2 . Terrain Rammed . | . . . . . Walls Destroyed . | . . . . . Machines Disabled . | . . . . . Actions | -11 -10 -10 -9 -8 --------- Run | Yrd Mat Min Mat Mat Total 2769 | 154 741 193 1151 530 Wait 235 | . 11 12 142 70 Move 2319 | 139 648 146 947 439 Hop 1 | . 1 . . . Pick Up 33 | 8 14 3 6 2 Fast Attach 33 | . 10 4 14 5 Attach 23 | 6 7 3 7 . Detach 3 | . 1 1 . 1 Swap 3 | . 1 . . 2 Drop 27 | . 13 1 11 2 Fire 57 | . 27 6 24 . Melee 24 | . . 16 . 8 Ram 1 | . . . . 1 Kick 1 | . . 1 . . Crush 9 | 1 8 . . . Escape Stasis . | . . . . . Rewire . | . . . . . Trap . | . . . . . Miscellaneous . | . . . . . Route ------- -11/Scrapyard -10/Materials (discovered 4 exits: *Mat x3 / [*Min]) -10/Mines -9/Materials (discovered 3 exits: *Mat x2 / [*Min]) -8/Materials (discovered 1 exit: [*Sto]) History --------- Turn | Location | Event 4 | -11/Scrapyard | Discovered new exit (range 15) 220 | -11/Scrapyard | Entered Materials 316 | -10/Materials | Build established: Mutant 319 | -10/Materials | Discovered new exit (range 8) 472 | -10/Materials | Discovered new exit (range 10) 820 | -10/Materials | Derelicts attacked the area 942 | -10/Materials | Discovered new exit (range 5) 1210 | -10/Materials | Discovered new exit (range 4) 1260 | -10/Materials | Entered Mines 1285 | -10/Mines | Discovered new exit (range 12) 1370 | -10/Mines | Excavation squad dispatched 1370 | -10/Mines | A large section of the Mines collapsed 1421 | -10/Mines | Core integrity fell below 50% 1465 | -10/Mines | Entered Materials 1465 | -9/Materials | Evolved 2 slots: Propulsion x1, Utility x1 1836 | -9/Materials | Discovered new exit (range 14) 1920 | -9/Materials | Destroyed 8 combat bots 1921 | -9/Materials | Lost 4 parts (1p2n1w) 1929 | -9/Materials | Discovered new exit (range 10) 2139 | -9/Materials | Discovered new exit (range 15) 2268 | -9/Materials | Entered another Materials area 2268 | -8/Materials | Evolved 2 slots: Propulsion x1, Utility x1 2293 | -8/Materials | Discovered new exit (range 16) 2629 | -8/Materials | Central database locked down 2763 | -8/Materials | Self-destructed Last Messages --------------- (Smash). 02618_ Destroyed Lgt. Treads. 02618_ Y-45 Defender system corrupted by crushing effect. 02618_ Hvy. Flail follow-up attack on Y-45 Defender. 02619_ Y-45 Defender system terminally corrupted. 02619_ Beam Rifle fried. 02629_ Connecting with Scanalyzer... >>Study(Airjet) Identified Airjet... Downloading performance data... Effective improvements: +1 support 02629_ ALERT: Central database lockdown, local access denied. 02694_ K-01 Serf collects debris. 02719_ K-01 Serf cleans the Nuclear Reactor. 02758_ W-25 Informer sends out distress signal. Map ----- +----------------------------------------------------+ | | | | | ??????????????????????????????????????????######## | | ??????????????????????????????????????????# | | ?????????##############???????????????????# """ | | ??????##? !!* # #???????????????????# """ | | ??????? !!* # ###############?????# """ | | ???????# """ !! # + #?????# | | ???????# """ # ############# #?????##+##### | | ???????# """ # #???????????# ######## ##### | | ???????# # ######??????# | | ???????# ! # ## #??????################ | | ???????# # ## #??????????????? ?# | | ???????#######+### ## #???????????????""" ?# | | ???###?????# ###+### #??????????????""""" # | | ####T####### #??????????????""""" # | | " #??????????????""""" + | | ############ #????????????? """ # | | ???????????# #######u #????????????#! # | | ???????????###+###?????# #????????????# ?# | | ???????????? ??????# #????????????# * ?# | | ?????????? """ """ ????# #????????????#######??# | | ?????????# """ """ #???# #?????????????????????? | | ?????????# """ """ #???# #?????????????????????? | | ?????????# #???# ########??????????????? | | ?????????# #???# @ # #??????????????? | | ?????????? ????# # #??????????????? | | ??????????? ?????# # """ #??????????????? | | ????????????#####??????# + """ #??????????????? | | #####??????????????????# # """ #??????????????? | | #??????????????????# # #??????????????? | | #??????????????????# ########??????????????? | | " #??????????????????# #?????????????????????? | | "" #??????????????????# #?????????????????????? | | "" #??????????????????#^ #?????????????????????? | | "" !#??????????????????+ +?????????????????????? | | " #??????????????????#w #?????????????????????? | | #??????????????????# #?????????????????????? | | #####??????????????????# Y ??????????????????????? | | ??????????????????????? ??????????????????????? | | ??????????????????????? ??????????????????????? | | ??????????????????????? < ??????????????????????? | | ???????????????????????? ??????????????????????? | | ?????????????????????????????????????????????????? | | ?????????????????????????????????????????????????? | | ?????????????????????????????????????????????????? | | ?????????????????????????????????????????????????? | | ?????????????????????????????????????????????????? | | ?????????????????????????????????????????????????? | | ?????????????????????????????????????????????????? | +----------------------------------------------------+ Best States ------------- Heat Dissipation 31 Energy Generation 18 Energy Capacity 250 Matter Stores 300 Matter Capacity 300 Sight Range 16 Terrain Scan Density 10 Additional Mass Support 6 Propulsion Shielding 33 Evasion (%) 62 Targeting Accuracy 16 Target Analysis 5 Recoil Reduction 2 Item Schematics ----------------- None Robot Schematics ------------------ None Fabricated ------------ Nothing Repaired ---------- Nothing Studied --------- Airjet | -8/Materials | Hacked Alien Tech Used ----------------- None Achievements -------------- None Challenges ------------ None Game ------ Seed AerolevSniperBefriender Manual? 0 Play Time 00:27:15 Cumulative 313.2 hours Start 2026.09.21 @ 19:48:48 End 2026.09.21 @ 20:13:32 Sessions 1 Manual Loads 0 Difficulty Rogue Special Mode None Game No. 342 Rogue 342 Adventurer 0 Explorer 0 Win Type - Total 3 Types 3/0/0/0/0/0/0/0/0/0 Lore% 51 Gallery% 59 Achievement% 46 Wizard Run 0 Options --------- Layout 1 ASCII 0 Keyboard 0 Movement Numpad Keybinds 0 Fullscreen 2 Font 24/Smallcaps Map View 50x35 Zoom Use 0% Tactical HUD 1 Map Filters NONE Filters NONE Steam 1 RUN: f8d82d0c-4a2d-4842-a66e-46f87c53a101